 Dungeon Crawl Stone Soup version 0.20.0-15-g7f486f2 (webtiles) character file.

83 nikopol the Ruffian (level 4, -7/42 HPs)
             Began as a Troll Warper on June 12, 2017.
             Killed by divine providence
             ... invoked by an orc priest
              (13 damage)
             ... on level 3 of the Dungeon.
             The game lasted 00:05:05 (2104 turns).

nikopol the Ruffian (Troll Warper)                  Turns: 2104, Time: 00:05:05

Health: -7/42      AC:  5    Str: 20    XL:     4   Next: 22%
Magic:  5/5        EV: 10    Int:  9    God:
Gold:   81         SH:  0    Dex:  9    Spells: 3/5 levels left

rFire    . . .     SeeInvis .     - Unarmed
rCold    . . .     Gourm    +   (no shield)
rNeg     . . .     Faith    .   a - +0 robe
rPois    .         Spirit   .   (helmet restricted)
rElec    .         Reflect  .   (no cloak)
rCorr    .         Harm     .   (gloves unavailable)
MR       .....                  (boots unavailable)
Stlth    +.........             (no amulet)
Regen    0.6/turn               (no ring)
MPRegen  0.1/turn               (no ring)

@: no status effects
A: unfitting armour, claws 3, fast metabolism 3, gourmand, regeneration 1,
shaggy fur 1, tough skin 2
a: no special abilities


You were on level 3 of the Dungeon.
You were not hungry.

You visited 1 branch of the dungeon, and saw 3 of its levels.

You collected 81 gold pieces.

Inventory:

Missiles
 d - 5 tomahawks of dispersal (quivered)
Armour
 a - a +0 robe (worn)
 v - a +0 leather armour
Jewellery
 e - an uncursed ring of protection from cold {unknown}
 i - a cursed -2 ring of intelligence {unknown}
 o - a +5 ring of evasion {unknown}
 r - an uncursed ring of fire {unknown}
 t - an uncursed ring of flight {unknown}
 x - an uncursed ring of resist corrosion {unknown}
Scrolls
 c - a scroll of blinking
 h - a scroll of teleportation {unknown}
 j - 2 scrolls of identify {unknown}
 p - a scroll of remove curse {unknown}
 q - a scroll of noise {unknown}
 s - a scroll of magic mapping {unknown}
 w - a scroll of enchant armour {unknown}
Potions
 g - a potion of brilliance {unknown}
 k - a potion of flight {unknown}
 m - a potion of resistance {unknown}
 u - a potion of berserk rage {unknown}
Books
 b - a book of Spatial Translocations

   Spells                             Type                      Level
   a - Blink                          Translocation                2
   b - Shroud of Golubria             Charms/Translocation         2
   c - Lesser Beckoning               Translocation                3
   d - Gell's Gravitas                Translocation                3
   e - Teleport Other                 Translocation                3
   f - Passage of Golubria            Translocation                4
Comestibles
 f - 5 bread rations
 l - 3 fruits
 n - a meat ration


   Skills:
 + Level 2.0 Fighting
 + Level 0.8 Throwing
 + Level 2.7 Dodging
 + Level 3.1 Unarmed Combat
 + Level 1.4 Spellcasting
 + Level 2.2 Translocations


You had 3 spell levels left.
You knew the following spells:

 Your Spells              Type           Power        Failure   Level  Hunger
a - Blink                 Tloc           N/A          22%         2    ###....


Dungeon Overview and Level Annotations

Branches:
Dungeon (3/15)

Altars:
Cheibriados
Gozag
Nemelex Xobeh
Trog
Vehumet
Zin


Innate Abilities, Weirdness & Mutations

You are too large for most types of armour.
You have claws for hands.
Your metabolism is lightning-fast.
You like to eat raw meat.
Your natural rate of healing is unusually fast.
You are covered in fur. (AC +1)
You have very tough skin. (AC +2)


Message History

Found 14 gold pieces.
An orc comes into view. It is wielding a trident.
You barely miss the orc priest.
The orc shouts!
The orc priest barely misses you.
You completely miss the orc priest. The orc priest hits you with a club.
The orc priest calls down the wrath of Beogh upon you.
Beogh smites you!
* * * LOW HITPOINT WARNING * * *
The orc priest calls down the wrath of Beogh upon you.
Beogh smites you!
* * * LOW HITPOINT WARNING * * *
You barely miss the orc. The orc hits you with a falchion.
* * * LOW HITPOINT WARNING * * *
You closely miss the orc. The orc hits you but does no damage.
You scratch the orc.
The orc is moderately wounded.
The orc priest invokes the aid of Beogh against you.
Beogh smites you!
You die...

># #...... .# ## #.. ..
. #######.# .. ..... ..
........# #.##.#.# .#.
######### #.##.#.#....
#.##.o..o...
#...oo......
#>.#o#.##..$ #..#@#.#
#..#.#.##. .# #.........
#.# ##.##.###.. ...
#.##.# #.... ...
#.##.###..# ...
#.........#######...
########.###............
..............## #......


You could see 3 orc priests and an orc.

Vanquished Creatures
  2 adders (D:2)
  A worm (D:3)
  3 dart slugs
  3 leopard geckos
  4 hobgoblins
  5 jackals
  12 kobolds
  2 ball pythons
  7 bats
  4 frilled lizards
  4 goblins
  5 rats
  A toadstool (D:1)
53 creatures vanquished.

Vanquished Creatures (others)
  6 toadstools (D:1)
6 creatures vanquished.

Grand Total: 59 creatures vanquished

Notes
Turn   | Place    | Note
-------+----------+-------------------------------------------
     0 | D:1      | nikopol the Troll Warper began the quest for the Orb.
     0 | D:1      | Reached XP level 1. HP: 19/19 MP: 1/1
   188 | D:1      | Reached XP level 2. HP: 28/28 MP: 3/3
   309 | D:1      | Learned a level 2 spell: Blink
   894 | D:2      | Reached XP level 3. HP: 32/35 MP: 4/4
  1349 | D:1      | Reached skill level 3 in Unarmed Combat
  1375 | D:2      | Found a glowing silver altar of Zin.
  1375 | D:2      | Found an opulent altar of Gozag.
  1782 | D:2      | Reached XP level 4. HP: 42/42 MP: 5/5
  2030 | D:3      | Found a snail-covered altar of Cheibriados.
  2033 | D:3      | Found a radiant altar of Vehumet.
  2035 | D:3      | Found a sparkling altar of Nemelex Xobeh.
  2036 | D:3      | Found a bloodstained altar of Trog.
  2104 | D:3      | Killed from afar by an orc priest

Skill      XL: |  1  2  3 |
---------------+----------+-----
Dodging        | 2 |  2.7
Unarmed Combat | 3 |  3.1
Fighting       | 2 |  2.0
Throwing       | |  0.8
Spellcasting   | |  1.4
Translocations | |  2.2

Action                   |  1- 3 |  4- 6 || total
-------------------------+-------+-------++-------
Melee: Unarmed           |   130 |    40 ||   170
       Punch             |       |     1 ||     1
  Eat: Chunk             |    13 |     5 ||    18
       Fruit             |     1 |       ||     1
Armor: Robe              |    76 |    14 ||    90
Dodge: Dodged            |    97 |    19 ||   116
